Cogmind - Beta 16.1 @@@ ROGUE MODE // 2026.04.07 @ 12:54:40 Player: Maelyn Result: Destroyed by 5W-IZZ(R) with Subdweller Laser Performance ------------- Evolutions (0) 0 Regions Visited (3) 600 Robots Destroyed (18) 90 Value Destroyed (329) 329 Prototype IDs (1) 20 Alien Tech Used (0) 0 Bonus (0) 0 TOTAL SCORE: 1039 Bonus ------- None Cogmind --------- Core Integrity 0/250 Matter 295/300 Energy 100/100 System Corruption 4% Temperature Cool (6) Movement Rolling (135) Ox3 Location -10/Subcaves Parts ------- > --- POWER (1) -------- (None) > --- PROPULSION (2) --- Armored Wheel Armored Wheel > --- UTILITY (2) ------ Huge Storage Unit > --- WEAPON (2) ------- Small Laser Small Laser > --- INVENTORY (25) --- Light Ion Engine Light Ion Engine Light Treads Light Treads Aluminum Leg Aluminum Leg Cooling System Cooling System Signal Interpreter Terrain Scanner Power Shielding Small Laser Grenade Launcher Datajack Peak State ------------ > --- POWER ------------ Ion Engine > --- PROPULSION ------- Armored Wheel Armored Wheel > --- UTILITY ---------- Huge Storage Unit Experimental Sensor Array > --- WEAPON ----------- Medium Laser Small Laser > --- INVENTORY -------- Light Ion Engine Light Ion Engine Light Treads Light Treads Aluminum Leg Aluminum Leg Armored Wheel Improved Heat Sink Cooling System Cooling System Signal Interpreter Terrain Scanner Power Shielding Small Laser Small Laser Grenade Launcher Datajack [Rating: 19] Favorites ----------- Power Light Ion Engine Engine Light Ion Engine Propulsion Armored Wheel Treads Light Treads Wheel Armored Wheel Utility Improved Terrain Scanner Device Improved Terrain Scanner Storage Huge Storage Unit Weapon Medium Laser Energy Gun Medium Laser Build | -11 -10 -10 -10 ------- Run | Yrd Mat Min Sub Slots Evolved . | . . . . Power . | . . . . Propulsion . | . . . . Utility . | . . . . Weapon . | . . . . Parts Attached 21 | 8 5 1 7 Power 3 | 1 . 1 1 Engine 3 | 1 . 1 1 Core . | . . . . Reactor . | . . . . Propulsion 6 | 2 2 . 2 Treads 2 | 2 . . . Leg . | . . . . Wheel 4 | . 2 . 2 Hover . | . . . . Flight . | . . . . Utility 6 | 2 2 . 2 Device 3 | 1 . . 2 Storage 3 | 1 2 . . Processor . | . . . . Hackware . | . . . . Protection . | . . . . Artifact . | . . . . Weapon 6 | 3 1 . 2 Energy Gun 6 | 3 1 . 2 Energy Cannon . | . . . . Ballistic Gun . | . . . . Ballistic Cannon . | . . . . Launcher . | . . . . Special Weapon . | . . . . Impact Weapon . | . . . . Slashing Weapon . | . . . . Piercing Weapon . | . . . . Special Melee Weapon . | . . . . Unidentified Prototypes 1 | . . . 1 Parts Lost 10 | . . 2 8 Power 3 | . . 1 2 Propulsion 2 | . . . 2 Utility 2 | . . 1 1 Weapon 3 | . . . 3 Highest Loss Streak 4 | . . 1 4 To Critical Strikes . | . . . . Average Backups 17 | 4 13 22 19 Power 3 | 1 3 3 2 Propulsion 5 | 2 4 6 5 Utility 4 | . 2 6 6 Weapon 3 | 1 3 5 3 Tool/Special . | . . . . Unused Backups 13 | 2 . . 11 Power 2 | . . . 2 Propulsion 4 | 2 . . 2 Utility 5 | . . . 5 Weapon 1 | . . . 1 Tool/Special 1 | . . . 1 Average Slot Usage (%) 96 | . 100 98 86 Engine 13 | . 14 14 12 Treads 4 | . 12 . . Wheel 23 | . 15 28 26 Device 11 | . 14 12 4 Storage 14 | . 14 14 14 Energy Gun 27 | . 28 28 27 Peak Build Rating 19 | 9 14 15 19 Average Rating 12 | 4 11 14 11 On Entrance 8 | . 9 14 12 Avg Prop Armor Cover (%) . | . . . . Naked Turns . | . . . . Heaviest Build 91 | 12 89 91 90 Greatest Support 40 | 40 40 24 24 Greatest Overweight (x) 6 | 2 3 3 6 Average Overweight (x) 2 | . 1 3 3 Largest Inventory Capacity 25 | 8 25 25 25 Average Capacity 22 | 7 20 25 25 Most Carried 23 | 8 22 23 22 Average Carried 17 | 4 13 22 19 Final Capacity 25 | 8 25 25 25 Final Carried 22 | 5 22 22 14 Class Distribution -------------------- 100% | Mutant Dominant Class ---------------- Mutant | -10/Materials Mutant | -10/Mines Mutant | -10/Subcaves Resources | -11 -10 -10 -10 ----------- Run | Yrd Mat Min Sub Matter Collected 400 | 156 142 42 60 Remotely . | . . . . Salvage Created 424 | 69 142 63 150 Parts 33 | 10 10 6 7 Haulers Intercepted . | . . . . Recyclers Shooed 1 | . . 1 . Parts Field Recycled . | . . . . Retrieved Matter . | . . . . Parts Self-Destructed 7 | . . . 7 Prevented . | . . . . Parts Restored . | . . . . Kills | -11 -10 -10 -10 ------- Run | Yrd Mat Min Sub Combat Hostiles Destroyed 11 | . 3 3 5 Guns 10 | . 2 3 5 Classes Destroyed 6 | 1 2 1 2 Tunneler 4 | 3 . 1 . Turret 2 | . . . 2 Watcher 1 | . 1 . . Swarmer 7 | . . 3 4 Grunt 3 | . 3 . . Subdweller 1 | . . . 1 Best Kill Streak 6 | 2 1 4 6 Combat Bots Only 4 | . 1 3 4 Max Kills in Single Turn 2 | 1 1 2 1 Gunslinging 1 | . . 1 . Exploded . | . . . . Melee . | . . . . Uniques/NPCs Destroyed . | . . . . Combat | -11 -10 -10 -10 -------- Run | Yrd Mat Min Sub Hostile Shots Fired 181 | . 21 23 137 Missed 62 | . 10 5 47 Hits 119 | . 11 18 90 Projectile 119 | . 11 18 90 Damage Taken 1314 | . 135 155 1024 Core 270 | . 25 14 231 Absorbed by Shields . | . . . . Core Remaining (%) 100 | 100 . . . Volleys Fired 66 | 4 15 9 38 Largest 2 | 2 2 2 2 Hottest 115 | 90 115 115 115 Shots Fired 127 | 8 30 18 71 Gun 127 | 8 30 18 71 Cannon . | . . . . Launcher . | . . . . Special . | . . . . Kinetic . | . . . . Thermal 127 | 8 30 18 71 Explosive . | . . . . Electromagnetic . | . . . . Robot Hit Streak 10 | 2 7 3 10 Robot Miss Streak 6 | 1 2 4 6 Penetration Max . | . . . . Secondary Targets 1 | . . 1 . Max Gunslinging Chain 1 | . . 1 . Shots Hit Robots 91 | 5 22 9 55 Core Hits 25 | 3 5 4 13 Critical Kills . | . . . . Critical Parts Destroyed . | . . . . Critical Strikes 1 | . 1 . . Burn 1 | . 1 . . Melee Attacks . | . . . . Impact . | . . . . Slashing . | . . . . Piercing . | . . . . Sneak Attacks . | . . . . Combat Hostiles . | . . . . Follow-up Attacks . | . . . . Damage Inflicted 879 | 59 274 178 368 Guns 859 | 59 274 158 368 Cannons . | . . . . Explosions . | . . . . Melee . | . . . . Ramming 20 | . . 20 . Kinetic . | . . . . Thermal 859 | 59 274 158 368 Explosive . | . . . . Electromagnetic . | . . . . Impact . | . . . . Slashing . | . . . . Piercing . | . . . . Highest Corruption 4 | . . 1 4 Average Corruption 1 | . . 1 2 Corruption Purged . | . . . . Corruption Blocked . | . . . . Effects 3 | . . . 3 Message Errors 1 | . . . 1 Matter Fused 1 | . . . 1 Heat Flow Errors 1 | . . . 1 Overload Shots . | . . . . Overflow Damage . | . . . . Projectiles . | . . . . Explosions . | . . . . Melee . | . . . . Knockbacks . | . . . . Impact . | . . . . Kinetic . | . . . . Secondary . | . . . . Self-Inflicted Damage 10 | . . 10 . Shots . | . . . . Rammed 1 | . . 1 . Targets Rammed 1 | . . 1 . Kicked . | . . . . Crushed . | . . . . Highest Temperature 338 | 60 265 338 88 Average Temperature 90 | 24 94 148 19 Received Heat Transfer 540 | . 75 . 465 Siege Activations . | . . . . Martial Activations . | . . . . Shielding Activations . | . . . . Robots Disrupted . | . . . . Combat Hostiles . | . . . . Robots Corrupted . | . . . . Combat Hostiles . | . . . . Parts Fried . | . . . . Impact Corruptions . | . . . . Robots Melted 1 | . 1 . . Combat Hostiles 1 | . 1 . . Parts Melted 2 | . . . 2 Heat Transferred 2361 | 149 816 407 989 Parts Sabotaged . | . . . . Parts Stolen . | . . . . Parts Stripped . | . . . . Power Chain Reactions . | . . . . Alert | -11 -10 -10 -10 ------- Run | Yrd Mat Min Sub Maximum Alert Level . | . . . . Low Security (%) 100 | 100 100 100 . Level 1 . | . . . . Level 2 . | . . . . Level 3 . | . . . . Level 4 . | . . . . Level 5 . | . . . . High Security . | . . . . Max Security . | . . . . Peak Influence 57 | 5 35 57 . Initial . | . . . . Average 5 | . 5 6 . Influence Increases 377 | 15 122 75 165 Destroy 0b10 Robot/C 240 | . 60 60 120 Destroy 0b10 Robot/NC 25 | 15 5 5 . Destroy Leader 22 | . 12 10 . Lose Combat Pursuer 90 | . 45 . 45 Influence Decreases 372 | 15 122 75 160 Time Decay 282 | 15 122 65 80 Lost Part 90 | . . 10 80 Squads Dispatched . | . . . . Investigation . | . . . . Extermination . | . . . . Reinforcement . | . . . . Assault . | . . . . Garrison . | . . . . Intercept . | . . . . Searches Triggered . | . . . . Construction Impeded . | . . . . Haulers Reinforced . | . . . . Active Scanning Responses . | . . . . Cargo Convoy Interrupts . | . . . . Stealth | -11 -10 -10 -10 --------- Run | Yrd Mat Min Sub Distress Signals 1 | . 1 . . Communications Jammed . | . . . . Distress Signals . | . . . . Times Spotted 21 | . 9 3 9 Peak Tracking Total 4 | . 3 3 4 Tactical Retreats 4 | . 3 . 1 Traps | -11 -10 -10 -10 ------- Run | Yrd Mat Min Sub Traps Triggered . | . . . . Indirectly . | . . . . Trap Hack Attempts . | . . . . Triggered . | . . . . Disarmed . | . . . . Reprogrammed . | . . . . Reused . | . . . . Traps Extracted . | . . . . Installed . | . . . . Triggered . | . . . . Machines | -11 -10 -10 -10 ---------- Run | Yrd Mat Min Sub Machines Disabled 1 | . . . 1 Max in Single Turn 1 | . . . 1 Machines Repaired . | . . . . Machines Dismantled . | . . . . Machines Sabotaged . | . . . . Overloaded Fab Kills . | . . . . Hacking | -11 -10 -10 -10 --------- Run | Yrd Mat Min Sub Machines Accessed . | . . . . Terminals . | . . . . Fabricators . | . . . . Repair Stations . | . . . . Recycling Units . | . . . . Scanalyzers . | . . . . Garrison Access . | . . . . Total Hacks . | . . . . Successful . | . . . . Failed . | . . . . Catastrophic . | . . . . Database Lockouts . | . . . . Manual . | . . . . Terminals . | . . . . Fabricators . | . . . . Repair Stations . | . . . . Recycling Units . | . . . . Scanalyzers . | . . . . Garrison Access . | . . . . Terminal Hacks . | . . . . Fabricator Hacks . | . . . . Repair Station Hacks . | . . . . Recycling Unit Hacks . | . . . . Scanalyzer . | . . . . Garrison Access Hacks . | . . . . Unauthorized Hacks . | . . . . Terminals . | . . . . Fabricators . | . . . . Repair Stations . | . . . . Recycling Units . | . . . . Scanalyzers . | . . . . Garrison Access . | . . . . Data Cores Recovered . | . . . . Used . | . . . . Hacking Detections . | . . . . Full Trace Events . | . . . . Feedback Events . | . . . . Feedback Blocked . | . . . . Robot Schematics Acquired . | . . . . Robots Built . | . . . . Authchips . | . . . . Time . | . . . . Total Robot Build Rating . | . . . . Part Schematics Acquired . | . . . . Parts Built . | . . . . Authchips . | . . . . Time . | . . . . Total Part Build Rating . | . . . . Part Studies Acquired . | . . . . Parts Repaired . | . . . . Time . | . . . . Parts Recycled . | . . . . Recycled Matter . | . . . . Retrieved Matter . | . . . . Retrieved Components . | . . . . Parts Scanalyzed . | . . . . Part Schematics Acquired . | . . . . Parts Damaged . | . . . . Bothacking | -11 -10 -10 -10 ------------ Run | Yrd Mat Min Sub Used RIF Installer . | . . . . Robots Hacked . | . . . . Non-combat . | . . . . Combat . | . . . . Robot Hacks Applied . | . . . . Relay Couplers Released . | . . . . Fabnet Peak Effective % . | . . . . Robots Rewired . | . . . . Allies Hacked . | . . . . Hacks Repelled . | . . . . Allies | -11 -10 -10 -10 -------- Run | Yrd Mat Min Sub Total Allies . | . . . . Largest Group . | . . . . Highest-Rated Group . | . . . . Highest-Rated Ally . | . . . . Total Orders . | . . . . Ally Attacks . | . . . . Total Damage . | . . . . Kills . | . . . . Allies Corrupted . | . . . . Allies Melted . | . . . . Intel | -11 -10 -10 -10 ------- Run | Yrd Mat Min Sub Active Infowar (turns) 1299 | 20 643 636 . Terrain 1299 | 20 643 636 . Robot Analysis Total . | . . . . Derelict Logs Recovered 1 | . . 1 . Drone Launches . | . . . . Drone Recoveries . | . . . . Exploration | -11 -10 -10 -10 ------------- Run | Yrd Mat Min Sub Turns Passed 1803 | 131 643 696 333 Spaces Moved 1099 | 67 379 494 159 Core 25 | 25 . . . Treads 146 | 42 104 . . Legs . | . . . . Wheels 928 | . 275 494 159 Hover . | . . . . Flight . | . . . . Fastest Speed 50 | 50 105 135 135 Average Speed 141 | 144 150 135 135 Slowest Speed 240 | 160 240 135 180 Overloaded Moves . | . . . . Propulsion Burnouts . | . . . . Robots Hopped . | . . . . Potential Cave-ins . | . . . . Cave-ins Triggered . | . . . . Exploration Rate (%) 41 | 4 45 99 16 Regions Visited 3 Branch Regions 2 Pre-discovered Areas 1 | . . 1 . Known Exits Taken . | . . . . Unknown Exits Taken 3 | 1 1 1 . Scrap Searched 1 | . . 1 . Spaces Dug . | . . . . Terrain Destroyed . | . . . . Melee . | . . . . Projectile . | . . . . AOE . | . . . . Terrain Rammed . | . . . . Walls Destroyed . | . . . . Machines Disabled . | . . . . Actions | -11 -10 -10 -10 --------- Run | Yrd Mat Min Sub Total 1224 | 94 419 505 206 Wait . | . . . . Move 1096 | 66 378 493 159 Hop . | . . . . Pick Up 34 | 14 19 1 . Fast Attach . | . . . . Attach 16 | 7 . 1 8 Detach . | . . . . Swap 6 | 1 5 . . Drop 5 | 2 2 . 1 Fire 66 | 4 15 9 38 Melee . | . . . . Ram 1 | . . 1 . Kick . | . . . . Crush . | . . . . Escape Stasis . | . . . . Rewire . | . . . . Trap . | . . . . Miscellaneous . | . . . . Route ------- -11/Scrapyard -10/Materials -10/Mines (discovered 3 exits: [*Mat x2] / [*Sub]) -10/Subcaves (discovered 1 exit: [*Rec]) History --------- Turn | Location | Event 8 | -11/Scrapyard | Discovered new exit (range 14) 132 | -11/Scrapyard | Entered Materials 300 | -10/Materials | Build established: Mutant 564 | -10/Materials | Discovered new exit (range 9) 775 | -10/Materials | Entered Mines 805 | -10/Mines | Discovered new exit (range 6) 859 | -10/Mines | Discovered new exit (range 7) 981 | -10/Mines | Learned location of Zion (-6) 1091 | -10/Mines | Found a damaged Exp. Sensor Array with a note attached 1093 | -10/Mines | Found Prototype Device 1461 | -10/Mines | Discovered new exit (range 6) 1471 | -10/Mines | Entered Subcaves 1472 | -10/Subcaves | Approached by a straggling Scientist 1493 | -10/Subcaves | A swath of the cavern ceiling suddenly collapsed 1650 | -10/Subcaves | Discovered new exit (range 9) 1673 | -10/Subcaves | Core integrity fell below 50% 1685 | -10/Subcaves | Identified Exp. Sensor Array 1703 | -10/Subcaves | Lost 4 parts (1p1n2w) 1779 | -10/Subcaves | Core integrity fell below 20% 1804 | -10/Subcaves | Destroyed by 5W-IZZ(R) with Subdweller Laser Last Messages --------------- 01688_ Acquired 12 matter. 01689_ Acquired 18 matter. 01693_ M2Z#4V5BXFN8BSJS :UQ>L 0|TEZQ I,DKL& 01693_ Acquired 20 matter. 01694_ Autobeam Turret destroyed. 01699_ Subatomizers dissect the Wheel. 01718_ System corrupted: Heat flow error (+142). 01725_ Subatomizers dissect the Wheel, destroying it. 88-GU4(c): "I think it's somewhere southeast of here" 01729_ 5W-IZZ(R): "LEAVESUB!" 01744_ Med. Laser destroyed. 01752_ Subatomizers dissect the Wheel. 01764_ Arm. Wheel destroyed. 01768_ 88-GU4(c) destroyed. 01775_ Subatomizers dissect the Wheel. 01780_ Ion Engine destroyed. 01788_ Subatomizers dissect the Wheel. 01796_ Imp. Heat Sink destroyed. Map ----- +----------------------------------------------------+ | ## #???? ? #????????????????????????????????? | | ### ####???? #????????????????????????????????? | | #?###??????? #?????????????????????????????????? | | #??#####??## #?????????????????????????????????? | | #### ### #??????????????????????????????????? | | ## ####????????????????????????????????? | | # # ## ??????????????????????????????? | | ??????????????????????????????? | | ??????????????????????????????? | | ## # ?????????????????????????????????? | | #### ###### #?????????????????????????????????? | | "## ##??## #?????????????????????????????????? | | ## #### #???#####?????????????????????????? | | ## ### ###### ##????????????????????????? | | % ! #????????????????????????? | | % ! #????????????????????????? | | % ###= % R #?????????????????????????? | | %%#####?# "" R ##?????????????????????????? | | #?????##"" ### #?###??????????????????????? | | "#??????#"""#### ### #??????????????????????? | | ####??????#"" #?# #??????????????????????? | | ??????????# #?## ##?????????????????????? | | ??????????# ##??## #?????????????????????? | | ??????????###?????##### #?????????????????????? | | ??????????????????????## ##????????????????????? | | ???????????????????????# @ #????????????????????? | | ???????????????????????# ???????????????? | | ???????????????????????# #??????????????? | | ???????????????????????# ## ###??????????????? | | ???????????????????????# ?#####????????????????? | | ???????????????????????# ??????????????????????? | | ??????????????????????? ##?????????????????????? | | ??????????????????????? #??????????????????????? | | ??????????????????????? ##??????????????????????? | | ??????????????????????# ????????????????????????? | | ??????????????????????# ????????????????????????? | | ??????????????????????## ????????????????????????? | | ???????????????????????##????????????????????????? | | ?????????????????????????????????????????????????? | | ?????????????????????????????????????????????????? | | ?????????????????????????????????????????????????? | | ?????????????????????????????????????????????????? | | ?????????????????????????????????????????????????? | | ?????????????????????????????????????????????????? | | ?????????????????????????????????????????????????? | | ?????????????????????????????????????????????????? | | ?????????????????????????????????????????????????? | | ?????????????????????????????????????????????????? | | ?????????????????????????????????????????????????? | | ?????????????????????????????????????????????????? | +----------------------------------------------------+ Best States ------------- Heat Dissipation 39 Energy Generation 10 Energy Capacity 250 Matter Stores 300 Matter Capacity 300 Sight Range 16 Terrain Scan Range 16 Terrain Scan Density 10 Evasion (%) 50 Recoil Reduction 2 Item Schematics ----------------- None Robot Schematics ------------------ None Fabricated ------------ Nothing Repaired ---------- Nothing Studied --------- None Alien Tech Used ----------------- None Achievements -------------- None Challenges ------------ None Game ------ Seed SeismicGammaDrive Manual? 0 Play Time 00:13:29 Cumulative 17.2 hours Start 2026.04.07 @ 12:43:55 End 2026.04.07 @ 12:54:40 Sessions 1 Manual Loads 0 Difficulty Rogue Special Mode None Game No. 48 Rogue 48 Adventurer 0 Explorer 0 Win Type - Total 0 Types 0/0/0/0/0/0/0/0/0/0 Lore% 9 Gallery% 19 Achievement% 10 Wizard Run 0 Options --------- Layout 2 ASCII 0 Keyboard 0 Movement Mouse Keybinds 0 Fullscreen 1 Font 24/Crisp Map View 50x44 Zoom Use 0% Tactical HUD 1 Map Filters NONE Filters NONE Steam 1 RUN: 94a91ca2-c519-43d8-af10-681f0c8eee8a